 Dungeon Crawl Stone Soup version 0.27-a0-1200-g94dc6ad4cf (webtiles) character file.

Game seed: 1700955960459330067

87 Azzok the Chopper (level 4, 0/52 HPs)
             Began as a Demonspawn Berserker on May 30, 2021.
             Was a Follower of Trog.
             Slain by an orc priest
             ... wielding a +0 falchion
              (4 damage)
             ... on level 3 of the Dungeon.
             The game lasted 00:01:36 (2734 turns).

Azzok the Chopper (Demonspawn Berserker)            Turns: 2734, Time: 00:01:37

Health: 0/52       AC: 22    Str: 18    XL:     4   Next: 28%
Magic:  4/4        EV:  2    Int:  8    God:    Trog [*.....]
Gold:   54         SH:  0    Dex: 13    Spells: 3/3 levels left

rFire    . . .     SeeInvis .   a - +0 hand axe
rCold    . . .     Faith    .   (no shield)
rNeg     + + +     Spirit   .   (armour currently unavailable)
rPois    +         Reflect  .   (helmet currently unavailable)
rElec    .         Harm     .   (cloak currently unavailable)
rCorr    .         Rampage  .   (gloves currently unavailable)
Will     .....     NoTele   +   (boots currently unavailable)
Stlth    +.........             (no amulet)
HPRegen  0.17/turn              (no ring)
MPRegen  0.09/turn              (no ring)

@: tree-form, on berserk cooldown, slowed, very slow
A: stationary, stasis, torment immunity, boosted hp, (antennae 1), powered by
pain 1
a: Renounce Religion, Berserk


You were on level 3 of the Dungeon.
You worshipped Trog.
Trog was aware of your devotion.
You were a tree.
You visited 1 branch of the dungeon, and saw 3 of its levels.

You collected 54 gold pieces.

Inventory:

Hand Weapons
 a - a +0 hand axe (weapon)
Armour
 e - a +0 ring mail (melded)
Scrolls
 b - 3 scrolls of identify {unknown}
 c - a scroll of fear {unknown}
 f - a scroll of blinking {unknown}
 i - a scroll of amnesia {unknown}
 j - a scroll of teleportation {unknown}
Potions
 d - a potion of curing {unknown}
 g - a potion of lignification
 h - a potion of cancellation {unknown}


   Skills:
 - Level 3.0 Fighting
 + Level 4.7 Axes
 - Level 1.7 Armour
 - Level 1.7 Dodging


You had 3 spell levels left.
You didn't know any spells.
Your spell library was empty.

Dungeon Overview and Level Annotations

Branches:
Dungeon (3/15)

Altars:


Innate Abilities, Weirdness & Mutations

You are a tree.
Your roots penetrate the ground, keeping you stationary.
You cannot be teleported.
You are immune to unholy pain and torment.
Your maximum health is greatly increased.
Your equipment is partially melded.
((You have a pair of small antennae on your head.))
You sometimes gain a little power by taking damage.


Message History

The orc priest hits you but does no damage.
Something hits you but does no damage.
You barely miss something. You barely miss the orc priest.
The orc priest hits you but does no damage.
Something hits you but does no damage.
The orc priest mumbles some strange prayers to Beogh against you.
Beogh smites you!
* * * LOW HITPOINT WARNING * * *
Something hits you but does no damage.
You hit something. You hit the orc priest.
The orc priest hits you with a +0 falchion.
* * * LOW HITPOINT WARNING * * *
Something hits you but does no damage.
The orc priest hits you but does no damage.
Something hits you but does no damage.
You closely miss something. You closely miss the orc priest.
The orc priest begins to cast a cantrip, but forgets the words!
Something hits you but does no damage.
You miss something.
You hit the orc priest but do no damage.
The orc priest hits you but does no damage.
Something hits you but does no damage.
The orc priest hits you but does no damage.
Something hits you but does no damage.
You closely miss something. You barely miss the orc priest.
The orc priest hits you with a +0 falchion.
* * * LOW HITPOINT WARNING * * *
You hear some strange, mumbled words.
A magic dart appears from out of thin air!
The magic dart hits you but does no damage.
The orc priest hits you but does no damage.
You hit something. You hit the orc priest.
You hear some strange, mumbled words.
Something tries to affect you, but you resist.
The orc priest hits you but does no damage.
Something hits you but does no damage.
You miss something.
You hit the orc priest but do no damage.
The orc priest hits you with a +0 falchion.
You die...

·· ▒▒·▒ ···▒ ▒ ···▒
>▒ ▒· ▒··▒▒·▒ ▒
▒▒▒▒· ▒·····▒·▒
·····▒▒▒{·······
▒···o♣▒··▒▒▒
▒▒··)▒))···▒ ▒
▒▒·▒·▒··▒·▒ ▒·
▒·▒·▒··▒
▒·▒▒▒▒▒▒▒▒·▒·▒··▒·▒
▒··················▒
▒▒▒·▒·▒▒▒···········
▒·▒·▒ ▒·▒▒▒▒··▒▒··
▒·▒·▒ ▒·▒ ··▒ ▒▒


You could see an orc priest.

Vanquished Creatures
  An orc wizard (D:3)
  4 adders (D:2)
  A dart slug (D:1)
  2 orcs (D:3)
  A giant cockroach (D:3)
  A goblin (D:1)
  2 hobgoblins (D:1)
  A quokka (D:2)
  3 ball pythons
  A bat (D:1)
  2 frilled lizards
  7 kobolds
  A rat (D:1)
27 creatures vanquished.

Notes
Turn   | Place    | Note
-------+----------+-------------------------------------------
     0 | D:1      | Azzok the Demonspawn Berserker began the quest for the Orb.
     0 | D:1      | Reached XP level 1. HP: 18/18 MP: 1/1
   328 | D:1      | Reached skill level 3 in Axes
   784 | D:1      | Gained mutation: You have a pair of small antennae on your
                  | head. [demonic ancestry]
   784 | D:1      | Reached XP level 2. HP: 24/24 MP: 2/2
  1563 | D:2      | Found a faded altar of an unknown god.
  1905 | D:2      | Reached skill level 4 in Axes
  1905 | D:2      | Reached XP level 3. HP: 21/29 MP: 3/3
  2718 | D:3      | Gained mutation: You sometimes gain a little power by
                  | taking damage. [demonic ancestry]
  2718 | D:3      | Reached XP level 4. HP: 27/35 MP: 4/4
  2734 | D:3      | Slain by an orc priest

Illustrated notes

Levels and vault maps discovered:
D:1:      erik_arrival_orb_chamber, layout_loops_cross, serial_forest,
          infiniplex_forest_end_2, infiniplex_forest_side_room,
          infiniplex_forest_straight_2, infiniplex_forest_straight_4,
          infiniplex_forest_clump_diagonal, infiniplex_forest_lined_2,
          infiniplex_forest_clump_curved
D:2:      layout_basic, shapermc_ecumenical_altar_venn
D:3:      layout_loops_ring

Skill      XL: |  1  2 |
---------------+-------+-----
Axes           | 3 4 |  4.7
Fighting       | |  3.0
Armour         | |  1.7
Dodging        | |  1.7

Action                   |  1- 3 |  4- 6 || total
-------------------------+-------+-------++-------
Melee: Hand axe          |   123 |    12 ||   135
Invok: Berserk           |     1 |       ||     1
  Use: Potion            |       |     1 ||     1
Armor: Ring mail         |    42 |     4 ||    46
       Animal skin       |     2 |       ||     2
       Skin              |       |    23 ||    23
Dodge: Dodged            |    68 |     4 ||    72

Table legend: (Time is in decaauts)
 A = Elapsed time spent in this place.
 B = Non-inter-level travel time spent in this place.
 C = Inter-level travel time spent in this place.
 D = Time resting spent in this place.
 E = Time spent auto-exploring this place.
 F = Levels seen in this place.
 G = Mean time per level.
                   A        B        C        D        E       F      G
               +--------+--------+--------+--------+--------+-----+--------+
         Total |   2753 |   2653 |    100 |    149 |   2213 |   3 |  917.7 |
       Dungeon |   2753 |   2653 |    100 |    149 |   2213 |   3 |  917.7 |
               +--------+--------+--------+--------+--------+-----+--------+

Top non-repeatable levels by time:
     D:2: 1380 daAuts
     D:1: 1293 daAuts
     D:3: 79 daAuts
